 Dungeon Crawl Stone Soup version 0.25-b1-37-g2669288c55 (webtiles) character file.

Game seed: 16697706530983749065

1344 Jakers the Covert (level 8, -1/46 HPs)
             Began as a Kobold Summoner on June 5, 2020.
             Was an Elder of Vehumet.
             Shot with a sling bullet by Joseph (11 damage)
             ... on level 8 of the Dungeon.
             The game lasted 00:28:27 (9238 turns).

Jakers the Covert (Kobold Summoner)                 Turns: 9238, Time: 00:28:29

Health: -1/46      AC:  5    Str:  5    XL:     8   Next: 94%
Magic:  4/11       EV: 19    Int: 17    God:    Vehumet [****..]
Gold:   80         SH:  0    Dex: 21    Spells: 5/11 levels left

rFire    . . .     SeeInvis .   A - +7 dagger of Gozag's Approval {vorpal, Dex+4}
rCold    . . .     Gourm    .   (shield restricted)
rNeg     . . .     Faith    +   a - +0 robe
rPois    .         Spirit   .   I - +1 helmet
rElec    .         Reflect  .   j - +0 cloak
rCorr    .         Harm     .   (no gloves)
MR       .....                  (no boots)
Stlth    ++++......             d - amulet of faith
HPRegen  0.15/turn              (no ring)
MPRegen  0.12/turn              (no ring)

@: no status effects
A: small, carnivore
a: Renounce Religion


You were on level 8 of the Dungeon.
You worshipped Vehumet.
Vehumet was greatly pleased with you.
You were very full.

You visited 1 branch of the dungeon, and saw 8 of its levels.

You collected 355 gold pieces.
You spent 275 gold pieces at shops.

Inventory:

Hand Weapons
 b - a +0 dagger
 q - a +0 rapier
 r - a +0 short sword
 A - the +7 dagger of Gozag's Approval (weapon) {vorpal, Dex+4}
   (You found it on level 5 of the Dungeon)

   It inflicts extra damage upon your enemies.
   It affects your dexterity (+4).
Missiles
 x - 16 poisoned darts (quivered)
 C - 19 stones
Armour
 a - a +0 robe (worn)
 j - a +0 cloak (worn)
 I - a +1 helmet (worn)
Jewellery
 d - an amulet of faith (around neck)
 t - an uncursed amulet of reflection
Wands
 y - a wand of random effects (21)
 B - a wand of flame (9)
 D - a wand of paralysis (11)
Scrolls
 e - 4 scrolls of remove curse
 g - a scroll of random uselessness {unknown}
 h - 9 scrolls of identify
 i - 2 scrolls of amnesia {unknown}
 k - a scroll of enchant armour {unknown}
 n - 2 scrolls of magic mapping {unknown}
 u - 2 scrolls of enchant weapon {unknown}
 v - a scroll of fog {unknown}
 F - a scroll of teleportation {unknown}
 G - a scroll of immolation {unknown}
 J - a scroll of vulnerability {unknown}
Potions
 f - a potion of might {unknown}
 l - 3 potions of curing {unknown}
 m - 3 potions of flight {unknown}
 o - 2 potions of heal wounds
 p - a potion of haste {unknown}
 s - 2 potions of lignification {unknown}
 w - a potion of ambrosia {unknown}
 z - 2 potions of brilliance {unknown}
 E - a potion of magic {unknown}
 H - 2 potions of cancellation {unknown}
Comestibles
 c - 7 rations


   Skills:
 - Level 3.2 Fighting
 - Level 5.1 Dodging
 - Level 8.3 Stealth
 - Level 2.2 Spellcasting
 + Level 3.1 Hexes
 - Level 7.2 Summonings


You had 5 spell levels left.
You knew the following spells:

 Your Spells              Type           Power        Failure   Level  Hunger
a - Summon Small Mammal   Summ           ####         1%          1    #......
b - Call Canine Familiar  Summ           ####....     2%          3    ###....
c - Ensorcelled Hibernat  Hex/Ice        #.....       16%         2    ###....

Your spell library contained the following spells:

 Spells                   Type           Power        Failure   Level  Hunger
 Dazzling Flash           Conj/Hex       #.....       9%          3    ###....
 Call Imp                 Summ           ####....     1%          2    ###....
 Corona                   Hex            ##.....      4%          1    #......
 Summon Guardian Golem    Hex/Summ       ###.....     7%          3    ###....
 Confusing Touch          Hex            ##......     16%         3    ###....
 Tukima's Dance           Hex            ##......     16%         3    ###....
 Summon Ice Beast         Ice/Summ       ##......     38%         4    #####..
 Summon Lightning Spire   Summ/Air       ##......     38%         4    #####..
 Silence                  Hex/Air        #.........   95%         5    ######.
 Conjure Ball Lightning   Conj/Air       #.........   99%         6    #######
 Tornado                  Air            #.........   100%        9    #######


Dungeon Overview and Level Annotations

Branches:
Dungeon (8/15)             Temple (0/1) D:6
   Lair: D:8-11

Altars:
Elyvilon
Fedhas
Hepliaklqana
Kikubaaqudgha
Makhleb
Nemelex Xobeh
Okawaru
Qazlal
Ru
Trog
Vehumet
The Shining One

Shops:
D:5 :

Annotations:
D:8 Joseph


Innate Abilities, Weirdness & Mutations

You are small and have problems with some larger weapons.
You are carnivorous and can eat meat at any time.


Message History

Joseph shoots a sling bullet.
The sling bullet closely misses you.
The sling bullet barely misses your hound.
The scorpion stings you.
You closely miss the scorpion. The scorpion stings you.
Your hound bites the scorpion.
Your hound bites the scorpion but does no damage.
Your rat bites the scorpion but does no damage.
Your hound bites the scorpion.
Joseph shoots a sling bullet.
The sling bullet hits you!
* * * LOW HITPOINT WARNING * * *
The scorpion misses your hound.
You see here a sling bullet.
Your hound bites the scorpion.
The scorpion dies!
Vehumet accepts your kill.
Vehumet is now extending the range of your destructive spells.
A centaur comes into view.
Your rat bites the wight but does no damage.
Joseph shoots a sling bullet.
The sling bullet hits you!
You die...

### ##...#
##.########....#
##..##..##.....#
##.......##.....#####
#........#...rh.#...##
#......z..z.z.†.......
##..[..<...........@##
#.?.###.....##z(..≈≈≈≈≈
##... #........@..≈≈≈≈≈
#.z.###...#....(.≈≈≈≈≈
...z# #...#..#...≈≈≈≈≈
...z.. ##.......##≈≈≈≈≈
....... #........ ≈≈≈≈≈
.....#.. #........
≈≈≈≈≈ #........ ≈≈≈c
.......... ≈≈≈


You could see Joseph, a centaur, 3 wights, a friendly hound (summoned) and a
friendly rat (summoned).

Vanquished Creatures
  Edmund (D:5)
  An orc warrior (D:6)
  An ice beast (D:5)
  A phantom (D:7)
  An ogre (D:6)
  Dowan (D:6)
  2 scorpions (D:5)
  2 wights (D:7)
  A crimson imp (D:6)
  A quasit (D:8)
  2 orc priests (D:6)
  3 orc wizards (D:6)
  2 bullfrog skeletons (D:5)
  An iguana (D:6)
  2 worker ants (D:5)
  A nameless horror (D:2)
  A mummy (D:6)
  4 adders
  An ooze (D:4)
  An adder skeleton (D:5)
  2 leopard geckos
  13 orcs
  3 giant cockroaches
  6 goblins
  2 hobgoblins
  11 jackals
  A ball python (D:2)
  14 bats
  2 frilled lizards
  2 goblin zombies (D:6)
  4 kobolds
  5 rats
  A fungus (D:5)
96 creatures vanquished.

Vanquished Creatures (collateral kills)
  Duvessa (D:6)
  An orc warrior (D:6)
  An ogre (D:4)
  A scorpion (D:8)
  A wight (D:7)
  A bullfrog skeleton (D:5)
  An orc wizard (D:6)
  An iguana (D:5)
  Ijyb (D:4)
  2 worker ants (D:4)
  An adder (D:3)
  2 shadow imps (D:6)
  3 worms (D:3)
  A dart slug (D:1)
  A leopard gecko (D:6)
  3 orcs (D:6)
  2 ball pythons
  3 bats
  4 hobgoblins
  3 jackals
  2 frilled lizards (D:3)
  2 goblins
  2 rats (D:3)
40 creatures vanquished.

Grand Total: 136 creatures vanquished

Notes
Turn   | Place    | Note
-------+----------+-------------------------------------------
     0 | D:1      | Jakers the Kobold Summoner began the quest for the Orb.
     0 | D:1      | Reached XP level 1. HP: 10/10 MP: 3/3
   265 | D:1      | Reached XP level 2. HP: 10/15 MP: 5/5
   996 | D:2      | Reached XP level 3. HP: 13/19 MP: 6/6
  1010 | D:2      | Learned a level 3 spell: Call Canine Familiar
  1205 | D:2      | Found a radiant altar of Vehumet.
  1227 | D:2      | Became a worshipper of Vehumet
  1323 | D:2      | Noticed a nameless horror
  1376 | D:2      | Killed a nameless horror
  2613 | D:3      | Reached skill level 5 in Summonings
  2640 | D:3      | Found a white marble altar of Elyvilon.
  2766 | D:3      | Reached XP level 4. HP: 14/24 MP: 5/7
  2775 | D:3      | HP: 1/24 [jackal (3)]
  3065 | D:3      | Reached * piety under Vehumet
  3065 | D:3      | Offered knowledge of Magic Dart by Vehumet.
  3072 | D:3      | Found a burning altar of Makhleb.
  3223 | D:3      | Reached skill level 1 in Fighting
  3318 | D:3      | Found an iron altar of Okawaru.
  3324 | D:3      | Found a glowing golden altar of the Shining One.
  3325 | D:3      | Found a stormy altar of Qazlal.
  3325 | D:3      | Found a sacrificial altar of Ru.
  3330 | D:3      | Found a sparkling altar of Nemelex Xobeh.
  3828 | D:4      | Noticed an ogre
  3937 | D:4      | Killed an ogre
  3937 | D:4      | Reached XP level 5. HP: 16/32 MP: 3/8
  4398 | D:4      | Found a blossoming altar of Fedhas.
  4399 | D:4      | Found an ancient bone altar of Kikubaaqudgha.
  4416 | D:4      | Noticed a phantom
  4445 | D:4      | Found a blossoming altar of Fedhas.
  4465 | D:4      | Noticed Ijyb
  4482 | D:4      | Killed Ijyb
  4785 | D:5      | Entered Level 5 of the Dungeon
  4802 | D:5      | Found a bloodstained altar of Trog.
  4812 | D:5      | Got a brightly glowing dagger
  4814 | D:5      | Identified the +7 dagger of Gozag's Approval {vorpal,
                  | Dex+4} (You found it on level 5 of the Dungeon)
  4976 | D:5      | Reached XP level 6. HP: 17/37 MP: 9/9
  5375 | D:5      | Noticed an ice beast
  5383 | D:5      | Killed an ice beast
  5515 | D:5      | Offered knowledge of Sandblast by Vehumet.
  5529 | D:5      | Reached skill level 5 in Dodging
  5609 | D:5      | Reached ** piety under Vehumet
  5609 | D:5      | Reached skill level 3 in Stealth
  5648 | D:5      | Found Mejen's Book Emporium.
  5758 | D:5      | Reached skill level 4 in Stealth
  5758 | D:5      | Reached XP level 7. HP: 33/41 MP: 10/10
  5914 | D:5      | Reached skill level 5 in Stealth
  6215 | D:5      | Noticed Edmund
  6251 | D:5      | Killed Edmund
  6251 | D:5      | Reached skill level 6 in Stealth
  6746 | D:6      | Reached skill level 7 in Stealth
  6882 | D:6      | Offered knowledge of Ignite Poison by Vehumet.
  7254 | D:6      | Reached skill level 8 in Stealth
  7254 | D:6      | Reached XP level 8. HP: 33/46 MP: 2/11
  7369 | D:6      | Reached *** piety under Vehumet
  7375 | D:6      | Noticed Dowan
  7375 | D:6      | Noticed Duvessa
  7498 | D:6      | Killed Duvessa
  7518 | D:6      | Killed Dowan
  7803 | D:6      | Found a staircase to the Ecumenical Temple.
  7936 | D:6      | Offered knowledge of Dazzling Flash by Vehumet.
  8555 | D:5      | Bought a book of Maledictions for 275 gold pieces
  8558 | D:5      | Learned a level 2 spell: Ensorcelled Hibernation
  8648 | D:7      | Found a hazy altar of Hepliaklqana.
  8918 | D:7      | Reached skill level 1 in Hexes
  9093 | D:7      | Noticed a green ugly thing
  9233 | D:8      | Noticed Joseph
  9238 | D:8      | Reached **** piety under Vehumet
  9238 | D:8      | Shot with a sling bullet by Joseph

Illustrated notes

Levels and vault maps discovered:
D:1:      heliophobic_arrival_dark_side_of_the_moon, layout_loops_ring
D:2:      lemuel_upstairs_altar, layout_loops_ring, vehumet_crystals,
          first_ration, kennysheep_donut, minmay_goblin_kobold_house
D:3:      layout_rooms, bloody_makhleb, old_standard_altar, minitemple
D:4:      layout_rooms, grunt_temple_overflow_growth_and_decay, fedhas_altar_3,
          uniq_ijyb
D:5:      old_forge, layout_cave_pods, bloody_trog, serial_shops,
          nicolae_shop_statue_plus, uniq_edmund
D:6:      layout_basic, temple_hall, nicolae_ossuary_entry_giza, minivault_1,
          grunt_ministairs_5, uniq_duvessa
D:7:      layout_basic, lemuel_round_altar, serial_shops, shop,
          lightli_corner_chamber
D:8:      nicolae_whirlpool, layout_cave_pools, serial_shops, shop, shop,
          blue_anna_alchemist [blue_anna_fruit_fields, blue_anna_fruit_fields],
          uniq_joseph, uniq_harold, uniq_maggie, uniq_grum

Skill      XL: |  1  2  3  4  5  6  7  8 |
---------------+-------------------------+-----
Summonings     | 5 7 |  7.2
Fighting       | 3 |  3.2
Dodging        | 3 5 |  5.1
Stealth        | 4 8 |  8.3
Hexes          | 3 |  3.1
Spellcasting   | |  2.2

Action                   |  1- 3 |  4- 6 |  7- 9 || total
-------------------------+-------+-------+-------++-------
Melee: Dagger            |    98 |    50 |   154 ||   302
       Unarmed           |     1 |       |       ||     1
       Short sword       |    27 |    48 |       ||    75
 Cast: Summon Small Mamm |    21 |    23 |    45 ||    89
       Call Canine Famil |     4 |    12 |    29 ||    45
       Ensorcelled Hiber |       |       |     4 ||     4
  Use: Scroll            |       |       |     2 ||     2
 Stab: Sleeping          |    10 |     1 |     8 ||    19
       Distracted        |     1 |     2 |     4 ||     7
  Eat: Chunk             |    10 |    16 |    14 ||    40
Armor: Robe              |    32 |    18 |    17 ||    67
Dodge: Dodged            |   160 |    74 |   127 ||   361
